 Dungeon Crawl Stone Soup version 0.22-a0-467-g5c5de1c (webtiles) character file.

239316 gruber the Imperceptible (level 20, -1/134 HPs)
             Began as a Kobold Berserker on June 10, 2018.
             Was a High Priest of Trog.
             Slain by a white very ugly thing (21 damage)
             ... on level 3 of the Vaults.
             The game lasted 01:50:50 (40680 turns).

gruber the Imperceptible (Kobold Berserker)        Turns: 40680, Time: 01:50:51

Health: -1/134     AC:  8    Str: 15    XL:     20   Next: 54%
Magic:  0/20       EV: 30    Int:  8    God:    Trog [*****.]
Gold:   1922       SH: 15    Dex: 26    Spells: 19/19 levels left

rFire    . . .     SeeInvis .   Z - +9 quick blade
rCold    + . .     Gourm    .   U - +1 shield {rC+}
rNeg     . . .     Faith    .   J - +0 troll leather armour
rPois    +         Spirit   +   D - +2 hat {MR+}
rElec    .         Reflect  .   M - scarf {cloud immunity}
rCorr    .         Harm     .   k - +2 pair of gloves {Dex+3}
MR       ++++.                  O - +0 pair of boots
Stlth    +++++++++.             Q - amulet of guardian spirit
HPRegen  1.72/turn              i - +2 ring of evasion
MPRegen  0.17/turn              a - ring of poison resistance

@: corroded, regenerating
A: small, carnivore
}: 1/15 runes: gossamer
a: Berserk, Trog's Hand, Brothers in Arms, Renounce Religion


You were on level 3 of the Vaults.
You worshipped Trog.
Trog was extremely pleased with you.
You were full.

You visited 4 branches of the dungeon, and saw 28 of its levels.
You also visited: Labyrinth and Ice Cave.

You collected 2478 gold pieces.
You spent 556 gold pieces at shops.

Inventory:

Hand Weapons
 u - a +6 dagger of venom
 R - a +9 antimagic short sword
 Z - a +9 quick blade (weapon)
Missiles
 w - 539 stones (quivered)
Armour
 k - a +2 pair of gloves of dexterity (worn)
 D - a +2 hat of magic resistance (worn)
 J - a +0 troll leather armour (worn)
 M - a scarf of cloud immunity (worn)
 O - a +0 pair of boots (worn)
 U - a +1 shield of cold resistance (worn)
 V - the +9 plate armour of Hahemm {rF+ rC+ Int+7}
   (You found it in an ice cave)

   It affects your intelligence (+7).
   It protects you from fire.
   It protects you from cold.
Jewellery
 a - a ring of poison resistance (right hand)
 d - an uncursed ring of positive energy
 i - a +2 ring of evasion (left hand)
 y - an uncursed ring of protection from cold
 E - an uncursed ring of see invisible
 Q - an amulet of guardian spirit (around neck)
 T - an uncursed ring of protection from cold
Wands
 b - a wand of polymorph (13)
 q - a wand of clouds (3)
 z - a wand of iceblast (30)
 G - a wand of acid (44)
 H - a wand of paralysis (39)
 P - a wand of digging (19)
Scrolls
 g - 11 scrolls of enchant armour
 j - 9 scrolls of remove curse
 n - 3 scrolls of enchant weapon
 r - 8 scrolls of teleportation
 v - a scroll of summoning
 A - 2 scrolls of fog
 C - 8 scrolls of magic mapping
 K - 2 scrolls of silence
 N - a scroll of holy word
 S - 7 scrolls of blinking
 X - 11 scrolls of identify
 Y - 2 scrolls of fear
Potions
 e - 5 potions of brilliance
 f - 9 potions of haste
 h - 7 potions of agility
 l - 19 potions of curing
 o - 4 potions of ambrosia
 p - 8 potions of heal wounds
 s - a potion of magic
 t - 2 potions of might
 x - a potion of cancellation
 B - 5 potions of flight
 F - a potion of invisibility
 I - a potion of resistance
 L - a potion of berserk rage
Comestibles
 c - 54 rations


   Skills:
 - Level 17.0 Fighting
 - Level 20.0 Short Blades
 - Level 10.0 Armour
 - Level 14.0 Dodging
 * Level 22.2 Stealth
 - Level 11.2 Shields


You had 19 spell levels left.
You didn't know any spells.
Your spell library was empty.

Dungeon Overview and Level Annotations

Branches:
Dungeon (15/15)            Temple (0/1) D:4            Lair (6/6) D:11
 Shoals (0/4) Lair:3       Spider (4/4) Lair:3        Slime (0/5) Lair:5
    Orc (0/2) D:12         Vaults (3/5) D:13          Crypt (0/3) Vaults:2
 Depths (0/5) D:15

Altars:
Ashenzari
Elyvilon
Fedhas
Kikubaaqudgha
Qazlal
Ru
Trog
Uskayaw
Xom

Shops:
D:4 :   D:14 *[[   D:15 [

Annotations:
Lair:1 exclusion: oklob plant
Lair:3 exclusion: oklob plant


Innate Abilities, Weirdness & Mutations

You are small and have problems with some larger weapons.
You are carnivorous and can eat meat at any time.


Message History

You puncture the white very ugly thing!
The white very ugly thing is heavily wounded.
You barely miss the white very ugly thing.
The white very ugly thing is heavily wounded.
You puncture the white very ugly thing!
The white very ugly thing is severely wounded.
You block the white very ugly thing's attack.
You hit the white very ugly thing but do no damage.
The white very ugly thing is severely wounded.
You puncture the white very ugly thing!
The white very ugly thing is severely wounded.
The white very ugly thing gores you! The white very ugly thing freezes you!
You resist.
* * * LOW HITPOINT WARNING * * *
The green ugly thing basks in the mutagenic energy from its kin and changes!
Your two-headed ogre goes berserk!
You feel quite a bit less full. The white very ugly thing gores you!!
* * * LOW HITPOINT WARNING * * *
The white very ugly thing freezes you!! You resist.
You die...

.#.....##..## ##..# #..# #....
.#....u###..# ##..## #..# #...>
.#...u.# #.## #...# #..# #....
.#.....# ### #.### #..# #....
.#.....# ### #..# #.... ##....u#
#..# #.... .......# #..# #....
.......#################..####'##
..........u..u.u@O...............
#################################


You could see 2 very ugly things, a red ugly thing and a friendly two-headed
ogre (berserk).

Vanquished Creatures
  Arachne (Spider:2)
  Kirke (D:12)
  2 frost giants
  6 ghost moths
  2 vault wardens
  5 very ugly things
  A stone giant (Vaults:2)
  7 ironheart preservers
  Nessos (D:13)
  A deep elf annihilator (Vaults:1)
  A vampire knight (Vaults:2)
  2 spark wasps (Spider:4)
  Snorg (D:11)
  A minotaur (Lab)
  A deep elf death mage (Vaults:1)
  2 fire dragons
  An ettin (Vaults:3)
  Josephine (D:11)
  2 great orbs of eyes (Vaults:2)
  4 yaktaur captains
  3 ice dragons
  5 ogre magi
  A great orb of eyes (shapeshifter) (Vaults:1)
  A rakshasa (Vaults:2)
  Fannar (D:12)
  A large abomination (Vaults:1)
  7 centaur warriors
  2 catoblepae (Lair:6)
  4 hydras
  Harold (Lair:2)
  5 vault guards
  19 two-headed ogres
  3 tengu warriors
  A deep troll earth mage (Vaults:3)
  7 death yaks
  5 deep elf knights
  A shadow wraith (Vaults:1)
  An unseen horror (shapeshifter) (Vaults:2)
  2 unseen horrors
  2 wizards
  4 deep trolls
  5 ironbrand convokers
  A swamp dragon (Lair:6)
  Pikel (D:8)
  6 harpies (Vaults:1)
  6 deep elf archers
  2 lindwurms (Lair:6)
  A phantasmal warrior (Vaults:2)
  3 necromancers
  2 wolf spider zombies (D:15)
  21 orb spiders
  7 orc knights
  A cyclops (shapeshifter) (Vaults:2)
  3 manticores
  15 deep elf magi
  An orc sorcerer (D:15)
  24 wolf spiders
  14 cyclopes
  3 moths of wrath
  A frost giant zombie (Vaults:3)
  35 ugly things
  A centaur zombie (D:12)
  A merfolk siren (Lair:3)
  Maurice (D:12)
  3 elephants (Lair:6)
  8 vault sentinels
  3 black mambas
  5 torpor snails
  An ice statue (IceCv)
  A naga mage (D:15)
  4 gargoyles
  Psyche (D:8)
  A minotaur zombie (Lab)
  3 rime drakes (Lair:6)
  2 human zombies (Vaults:3)
  8 spiny frogs
  8 komodo dragons
  5 kobold demonologists (D:12)
  A freezing wraith (Vaults:3)
  18 demonic crawlers
  An efreet (D:12)
  13 yaktaurs
  2 human skeletons (Vaults:3)
  A tengu conjurer (D:15)
  7 trolls
  33 jumping spiders
  A harpy zombie (D:14)
  3 merfolk (Lair:3)
  A queen bee (shapeshifter) (D:13)
  24 polar bears
  6 hornets
  An ettin zombie (Vaults:3)
  9 hippogriffs
  8 slime creatures
  A human simulacrum (Vaults:3)
  8 dream sheep (Lair:5)
  A centaur simulacrum (D:13)
  2 shadows
  30 tarantellas
  5 wraiths
  2 vampires (D:15)
  74 redbacks
  56 yaks
  A steam dragon (Lair:6)
  Eustachio (D:6)
  10 basilisks
  6 wyverns
  3 hogs
  7 vampire mosquitoes
  4 hungry ghosts
  Menkaure (D:4)
  5 acid dragons
  3 wargs
  A soldier ant (D:11)
  8 water moccasins
  8 porcupines
  3 swamp drakes (Lair:6)
  11 orc warriors
  8 ice beasts
  An eye of draining (D:13)
  4 sky beasts
  2 slaves (D:8)
  4 black bears
  33 wolves
  A hornet zombie (D:8)
  12 ogres
  10 crocodiles
  3 boggarts (Vaults:1)
  3 phantoms
  22 centaurs
  The ghost of tilp the Chiller, an amateur MfIE (D:3)
  4 big kobolds
  Blork the orc (D:5)
  15 bullfrogs
  A glowing shapeshifter simulacrum (Vaults:1)
  A wyvern skeleton (D:9)
  An earth elemental (Lab)
  A water moccasin zombie (D:9)
  An ogre simulacrum (Vaults:1)
  4 scorpions
  2 hornet simulacra
  5 killer bees (D:12)
  17 wights
  2 electric eels (D:12)
  10 crimson imps
  4 bullfrog zombies
  A quasit (D:10)
  7 centaur skeletons
  14 jellies
  A gnoll shaman (D:6)
  4 orc priests
  A wyvern simulacrum (D:12)
  6 hounds
  14 orc wizards
  Crazy Yiuf (D:7)
  A bullfrog skeleton (D:11)
  6 iguanas
  A hell rat (Lair:6)
  12 worker ants
  A bullfrog simulacrum (D:12)
  A worker ant zombie (D:8)
  5 gnolls (D:6)
  13 adders
  2 shadow imps
  5 white imps
  3 ufetubi (D:12)
  An ooze (D:3)
  An adder skeleton (D:8)
  2 worms
  4 dart slugs
  9 leopard geckos
  47 orcs
  5 ball pythons
  5 bats
  3 giant cockroaches
  10 goblins
  9 hobgoblins
  12 jackals
  5 quokkas
  9 frilled lizards
  18 kobolds
  A leopard gecko skeleton (D:6)
  7 rats
  2 butterflies
  2 crawling corpses (Vaults:1)
  A plant (Lair:5)
1132 creatures vanquished.

Vanquished Creatures (collateral kills)
  Saint Roka (Vaults:2)
  Gastronok (D:8)
  2 emperor scorpions
  A vault warden (Vaults:2)
  An ironheart preserver (Vaults:1)
  2 entropy weavers
  A spark wasp (Spider:4)
  2 deep elf annihilators (Vaults:1)
  A fire dragon (Lair:6)
  The ghost of nikopol the Eclecticist, a journeyman DEFE of Vehumet (Lair:5)
  A death knight (Vaults:3)
  A deep troll shaman (Vaults:1)
  2 deep trolls (Vaults:1)
  A deep elf archer (Vaults:1)
  2 orb spiders (Spider:4)
  A phantasmal warrior (Vaults:1)
  2 deep elf magi
  4 wolf spiders (Spider:4)
  8 ugly things (D:14)
  A cyclops (Vaults:1)
  A black mamba (Lair:5)
  2 komodo dragons (Lair:6)
  6 yaktaurs (Vaults:2)
  3 freezing wraiths
  2 demonic crawlers (Spider:4)
  A jumping spider (Spider:4)
  A troll (Vaults:2)
  2 slime creatures (Vaults:2)
  2 dream sheep (Lair:5)
  A redback (Spider:4)
  2 wraiths (D:11)
  A wyvern (Lair:3)
  6 yaks
  2 hungry ghosts
  8 orc warriors
  A black bear (D:8)
  2 jellies (Lair:5)
  2 orc priests
  An orc wizard (D:8)
  A worker ant (D:14)
  6 orcs
  A giant cockroach (D:8)
  2 goblins (D:12)
92 creatures vanquished.

Vanquished Creatures (others)
  A tengu warrior (D:15)
  An ice beast (D:12)
  An orc wizard (D:8)
  An orc (D:13)
  8 fungi
  7 plants
19 creatures vanquished.

Grand Total: 1243 creatures vanquished

Notes
Turn   | Place    | Note
-------+----------+-------------------------------------------
     0 | D:1      | gruber the Kobold Berserker began the quest for the Orb.
     0 | D:1      | Reached XP level 1. HP: 14/14 MP: 1/1
   388 | D:1      | Reached XP level 2. HP: 10/19 MP: 2/2
   513 | D:1      | Reached skill level 5 in Short Blades
   764 | D:1      | Reached XP level 3. HP: 15/23 MP: 3/3
  1045 | D:1      | Reached ** piety under Trog
  1404 | D:2      | Reached XP level 4. HP: 28/28 MP: 4/4
  1677 | D:2      | Found a shattered altar of Ashenzari.
  2413 | D:3      | Reached XP level 5. HP: 32/32 MP: 5/5
  2650 | D:3      | Reached *** piety under Trog
  2746 | D:3      | Noticed tilp's ghost (amateur MfIE)
  2757 | D:3      | Killed tilp's ghost
  2757 | D:3      | Reached XP level 6. HP: 37/37 MP: 6/6
  3042 | D:4      | Found Kibun's Book Shop.
  3108 | D:4      | Reached skill level 5 in Dodging
  3428 | D:4      | Reached XP level 7. HP: 41/41 MP: 7/7
  3624 | D:4      | Noticed Menkaure
  3632 | D:4      | Killed Menkaure
  3632 | D:4      | Reached skill level 3 in Stealth
  3712 | D:4      | Reached skill level 5 in Stealth
  3772 | D:4      | Reached XP level 8. HP: 46/46 MP: 8/8
  3851 | D:4      | Found a staircase to the Ecumenical Temple.
  4062 | D:5      | Entered Level 5 of the Dungeon
  4104 | D:5      | Reached skill level 6 in Stealth
  4117 | D:5      | Noticed Blork the orc
  4120 | D:5      | Killed Blork the orc
  4125 | D:5      | Reached skill level 7 in Stealth
  4585 | D:5      | Reached **** piety under Trog
  4750 | D:5      | Reached skill level 10 in Short Blades
  4887 | D:6      | Reached XP level 9. HP: 51/51 MP: 9/9
  5071 | D:6      | Noticed Eustachio
  5154 | D:6      | Found a shimmering altar of Xom.
  5404 | D:6      | Killed Eustachio
  5502 | D:6      | Found a stormy altar of Qazlal.
  5912 | D:7      | Found a runed door.
  6195 | D:7      | Noticed a hippogriff
  6202 | D:7      | Killed a hippogriff
  6295 | D:7      | Reached skill level 5 in Fighting
  6786 | D:7      | Found a bloodstained altar of Trog.
  7033 | D:7      | Received a gift from Trog
  7449 | D:7      | Reached XP level 10. HP: 63/63 MP: 10/10
  7640 | D:7      | Noticed Crazy Yiuf
  7656 | D:7      | Killed Crazy Yiuf
  8027 | D:8      | Noticed Gastronok
  8037 | D:8      | Killed Gastronok
  8037 | D:8      | Reached skill level 10 in Fighting
  8307 | D:8      | Noticed a two-headed ogre
  8325 | D:8      | Noticed Psyche
  8337 | D:8      | Killed Psyche
  8496 | D:8      | Killed a two-headed ogre
  8822 | D:8      | Noticed a two-headed ogre
  8832 | D:8      | Killed a two-headed ogre
  8832 | D:8      | Reached XP level 11. HP: 73/73 MP: 11/11
  8891 | D:8      | Reached skill level 10 in Dodging
  9031 | D:8      | Noticed Pikel
  9206 | D:8      | Killed Pikel
  9206 | D:8      | Reached skill level 8 in Stealth
  9376 | D:9      | Noticed a two-headed ogre
  9383 | D:9      | Killed a two-headed ogre
  9383 | D:9      | Reached skill level 10 in Stealth
  9448 | D:9      | Found a sacrificial altar of Ru.
  9697 | D:9      | Found a white marble altar of Elyvilon.
  9724 | D:9      | Found a hide-covered altar of Uskayaw.
  9724 | D:9      | Found an ancient bone altar of Kikubaaqudgha.
  9866 | D:9      | Reached ***** piety under Trog
  9931 | D:9      | Reached skill level 11 in Stealth
 10264 | D:10     | Entered Level 10 of the Dungeon
 10646 | D:10     | Killed an unseen horror
 10646 | D:10     | Reached skill level 12 in Stealth
 11140 | D:11     | Noticed a red ugly thing
 11145 | D:11     | Killed a red ugly thing
 11297 | D:11     | Noticed a purple ugly thing
 11375 | D:11     | Killed a purple ugly thing
 11581 | D:11     | Reached XP level 12. HP: 78/78 MP: 12/12
 11728 | D:11     | Found a staircase to the Lair.
 11926 | D:11     | Noticed Josephine
 11927 | D:11     | Identified Sif Muna's Almanac of Air and Venom
 12169 | D:11     | Noticed Snorg
 12179 | D:11     | Killed Snorg
 12179 | D:11     | Reached skill level 15 in Short Blades
 12321 | D:11     | Killed Josephine
 12423 | D:11     | Found a blossoming altar of Fedhas.
 12546 | Lair:1   | Entered Level 1 of the Lair of Beasts
 12566 | Lair:1   | Received a gift from Trog
 12663 | Lair:1   | Found a stormy altar of Qazlal.
 13362 | Lair:2   | Noticed Harold
 13384 | Lair:2   | Killed Harold
 13384 | Lair:2   | Reached skill level 13 in Stealth
 13384 | Lair:2   | Reached XP level 13. HP: 41/83 MP: 13/13
 14058 | Lair:3   | Found a staircase to the Shoals.
 14130 | Lair:3   | Reached skill level 14 in Stealth
 14482 | Lair:3   | Found a hole to the Spider Nest.
 15090 | Lair:4   | Noticed an eight-headed hydra
 15218 | D:12     | Reached skill level 15 in Stealth
 15369 | D:12     | Found a labyrinth entrance.
 15378 | Lab      | Entered a labyrinth
 15602 | Lab      | Noticed a minotaur
 15607 | Lab      | Killed a minotaur
 15607 | Lab      | Reached skill level 16 in Stealth
 15613 | Lab      | Got an encrusted plate armour
 15650 | D:12     | Identified the +0 plate armour "Xuhafim" {rC+ Regen+ Str+3} (You found it in a labyrinth)
 15730 | D:12     | Found a frozen archway.
 15731 | D:12     | Noticed an ice dragon
 15797 | D:12     | Killed an ice dragon
 15845 | IceCv    | Entered an ice cave
 16119 | IceCv    | Received a gift from Trog
 16628 | IceCv    | Reached XP level 14. HP: 68/88 MP: 10/14
 16805 | IceCv    | Noticed a frost giant
 17116 | IceCv    | Killed a frost giant
 17178 | IceCv    | Got a sapphire-encrusted plate armour
 17189 | D:12     | Identified the +9 plate armour of Hahemm {rF+ rC+ Int+7} (You found it in an ice cave)
 17756 | D:12     | Noticed Fannar
 17780 | D:12     | Killed Fannar
 17815 | D:12     | Found a staircase to the Orcish Mines.
 17953 | D:12     | Received a gift from Trog
 17990 | D:12     | Reached skill level 5 in Armour
 18613 | D:13     | Noticed Maurice
 18697 | D:12     | Killed Maurice
 18955 | D:13     | Noticed Kirke
 19168 | D:12     | Reached XP level 15. HP: 82/93 MP: 8/15
 19187 | D:12     | Killed Kirke
 19567 | D:13     | Found a gate to the Vaults.
 19782 | D:13     | Received a gift from Trog
 19962 | D:13     | Noticed Nessos
 19970 | D:14     | HP: 4/93 [poisoned by Nessos]
 20091 | D:14     | Found Komoutt's Assorted Antiques.
 20249 | D:13     | Killed Nessos
 20249 | D:13     | Reached skill level 10 in Armour
 21164 | Lair:5   | Found a staircase to the Slime Pits.
 21218 | Lair:5   | Noticed nikopol's ghost (journeyman DEFE)
 21613 | Lair:5   | Killed nikopol's ghost
 22121 | Lair:6   | Entered Level 6 of the Lair of Beasts
 22830 | Lair:6   | Received a gift from Trog
 22830 | Lair:6   | Reached XP level 16. HP: 58/98 MP: 8/16
 23598 | Lair:6   | Received a gift from Trog
 25086 | D:14     | Found Ejityh's Antique Armour Shop.
 25089 | D:14     | Bought a glowing shield for 292 gold pieces
 25246 | D:14     | Reached skill level 1 in Shields
 25653 | D:14     | Found Tuvan's Armour Shop.
 25669 | D:14     | Bought a +1 pair of gloves of dexterity for 264 gold pieces
 25785 | D:15     | Entered Level 15 of the Dungeon
 26286 | D:15     | Found Opuirr's Antique Armour Shop.
 27016 | D:15     | Reached skill level 5 in Shields
 27046 | D:15     | Found a staircase to the Depths.
 27218 | Spider:1 | Entered Level 1 of the Spider Nest
 27598 | Spider:1 | Received a gift from Trog
 27899 | Spider:1 | Reached XP level 17. HP: 102/105 MP: 17/17
 28508 | Spider:2 | Received a gift from Trog
 30410 | Spider:3 | Noticed Arachne
 30635 | Spider:2 | Killed Arachne
 30635 | Spider:2 | Reached skill level 10 in Shields
 31762 | Spider:4 | Entered Level 4 of the Spider Nest
 32545 | Spider:4 | Reached XP level 18. HP: 41/112 MP: 7/18
 32634 | Spider:4 | Received a gift from Trog
 33821 | Spider:4 | Got a gossamer rune of Zot
 33994 | Vaults:1 | Entered Level 1 of the Vaults
 34452 | Vaults:1 | Reached skill level 15 in Fighting
 34508 | Vaults:1 | Received a gift from Trog
 35077 | Vaults:1 | Reached XP level 19. HP: 99/125 MP: 14/19
 35760 | Vaults:1 | Found a stormy altar of Qazlal.
 36051 | Vaults:1 | Reached skill level 17 in Stealth
 36350 | Vaults:1 | Reached ****** piety under Trog
 36504 | Vaults:1 | Reached skill level 18 in Stealth
 36647 | Vaults:2 | Received a gift from Trog
 37184 | Vaults:2 | Reached skill level 19 in Stealth
 37500 | Vaults:2 | Received a gift from Trog
 37827 | Vaults:2 | Noticed Saint Roka
 37980 | Vaults:2 | Reached skill level 20 in Stealth
 38031 | Vaults:2 | Reached XP level 20. HP: 54/134 MP: 11/20
 38659 | Vaults:2 | Killed Saint Roka
 38714 | Vaults:2 | Found a staircase to the Crypt.
 39127 | Vaults:3 | Reached skill level 21 in Stealth
 39935 | Vaults:3 | Received a gift from Trog
 40487 | Vaults:3 | Reached skill level 22 in Stealth
 40680 | Vaults:3 | Slain by a white very ugly thing

Vault maps used:
D:1:      ncdulo_smallfort
D:2:      lemuel_doored_altar, minmay_tromino_v4_c
D:3:      minmay_shallow_snake_nest
D:4:      minmay_temple_entry_overgrown, serial_shops, nicolae_shop_stone,
          uniq_menkaure
D:5:      first_ration, uniq_blork_the_orc
D:6:      xom_butterflies, basic_altar, kennysheep_nondescript, uniq_eustachio
D:7:      lightli_temple_of_fire, uniq_crazy_yiuf_cottage
D:8:      uniq_pikel, uniq_gastronok, uniq_psyche
D:9:      nicolae_overflow_hidden_temple, gammafunk_temple_overflow_elements,
          grunt_ogre_cave, nicolae_ru_sacrificial_ziggurat
D:10:     kennysheep_blocky_hall
D:11:     minmay_lair_entry_grove, fedhas_altar_2, uniq_josephine, uniq_snorg
D:12:     erik_orc_3, serial_ice, serial_ice_i, serial_ice_m, serial_ice_n,
          serial_ice_g, serial_ice_h, serial_ice_c, serial_ice_d, serial_ice_e,
          serial_ice_o, serial_ice_b, portal_ice_cave_entry_animals_and_master,
          lab_entry_generic, lemuel_old_faithful, uniq_fannar
D:13:     lightli_vaults_fourway_checkpoint, uniq_nessos, uniq_maurice,
          uniq_kirke
D:14:     serial_shops, nicolae_shop_stone, kennysheep_mini, shop
D:15:     grunt_enter_depths_magical_seal, nicolae_benzene_ring, serial_shops,
          shop, grunt_ministairs_15, hangedman_decor_push
Lair:1:   basic_altar, st_stairs_11, beast_lair_carwin_10,
          minmay_lair_oklob_chamber
Lair:2:   small_statue_intersection, lemuel_fruit_fields, grunt_megastairs_4,
          uniq_harold
Lair:3:   elwin_shoals_entry_stream, nicolae_spider_entry_orb_guardian,
          minmay_lair_oklob_items
Lair:4:   infiniplex_staircase_pool_2, grunt_megastairs_2, lemuel_fruit_fields
Lair:5:   minmay_slime_entry_jelly_boxes, st_stairs_6
Lair:6:   hangedman_lair_in_review, guppyfry_lair_end_dragon
Spider:3: uniq_arachne
Spider:4: grunt_spider_rune_island
Vaults:1: v_alt_pattern_5, vaults_mumra_minichess, hangedman_vaults_locks,
          nicolae_vaults_network_barrier, ontoclasm_vaults_eye,
          hangedman_vaults_hat, nicolae_vaults_quartermaster, basic_altar
Vaults:2: hangedman_vaults_trim, hangedman_vaults_unwind, vaults_mumra_lcd,
          nicolae_vaults_twisting_passages, ontoclasm_vaults_shuriken,
          ontoclasm_vaults_gateway, vaults_room_large_hall,
          minmay_crypt_entry_simple_box, uniq_saint_roka
Vaults:3: ontoclasm_vaults_ring_small, v_misc_1, v_misc_30,
          vaults_mumra_hexcomb, vaults_standard_mumra_x,
          nicolae_vaults_network_periphery, grunt_vaults_focal,
          vaults_room_hallway
Lab:      labyrinth_hidden_loot, labyrinth_glass_1, nicolae_lab_blocks,
          nicolae_lab_lava
IceCv:    ice_cave_caverns_01

Skill      XL: |  1  2  3  4  5  6  7  8  9 10 11 12 13 14 15 16 17 18 19 20 |
---------------+-------------------------------------------------------------+-----
Short Blades   | 5 6 7 8 10 12 13 17 19 20 | 20.0
Dodging        | 4 5 6 9 10 12 14 | 14.0
Stealth        | 5 7 12 13 16 20 22 | 22.2
Fighting       | 7 10 11 12 16 17 | 17.0
Armour         | 8 10 | 10.0
Shields        | 6 11 | 11.2

Action                   |  1- 3 |  4- 6 |  7- 9 | 10-12 | 13-15 | 16-18 | 19-21 || total
-------------------------+-------+-------+-------+-------+-------+-------+-------++-------
Melee: Dagger            |   153 |   267 |   292 |    95 |  1343 |   938 |    10 ||  3098
       Short sword       |     8 |       |       |       |   259 |   286 |       ||   553
       Rapier            |       |       |   190 |   711 |   533 |       |       ||  1434
       Unarmed           |       |       |       |     1 |    17 |       |       ||    18
       Quick blade       |       |       |       |       |       |  1677 |  1935 ||  3612
Throw: Stone             |       |       |       |       |       |     9 |     1 ||    10
Invok: Berserk           |     4 |     3 |     5 |    13 |     8 |    15 |     2 ||    50
       Trog's Hand       |       |     2 |     2 |     1 |    10 |    15 |     4 ||    34
       Brothers in Arms  |       |       |       |     3 |     6 |    10 |     7 ||    26
Evoke: Wand              |       |       |       |     2 |       |       |       ||     2
  Use: Scroll            |       |       |       |    13 |     3 |    21 |     1 ||    38
       Potion            |       |       |       |       |     2 |       |       ||     2
 Stab: Sleeping          |     2 |     3 |    24 |    25 |    37 |    38 |    12 ||   141
       Distracted        |       |     1 |       |     2 |    11 |    15 |    14 ||    43
       Confused          |       |       |       |       |       |     2 |       ||     2
  Eat: Chunk             |     8 |    14 |    16 |    33 |    45 |    62 |    21 ||   199
       Ration            |       |       |       |       |     1 |     6 |       ||     7
Armor: Animal skin       |    30 |    13 |       |       |       |       |       ||    43
       Leather armour    |       |    24 |    30 |    33 |       |       |       ||    87
       Troll leather arm |       |       |       |    32 |   229 |   253 |    59 ||   573
Dodge: Dodged            |   120 |   141 |   213 |   470 |  1791 |  1673 |   452 ||  4860
Block: Shield            |       |       |       |       |       |  1112 |   470 ||  1582

Table legend:
 A = Spawn XP
 B = Non-spawn XP
 C = Spawn XP percentage of total XP
 D = Spawn monster count
 E = Non-spawn monster count
 F = Spawn count percentage of total count
 G = Total turns spent on level
                    A         B        C        D         E        F      G
               +---------+---------+-------+---------+---------+-------+---------
         Total |       0 |  378291 |   0.0 |       0 |    1218 |   0.0 | 40680
               +---------+---------+-------+---------+---------+-------+---------
           D:1 |       0 |      63 |   0.0 |       0 |      36 |   0.0 |  1359
           D:2 |       0 |      60 |   0.0 |       0 |      19 |   0.0 |   943
           D:3 |       0 |     234 |   0.0 |       0 |      29 |   0.0 |   730
           D:4 |       0 |     726 |   0.0 |       0 |      21 |   0.0 |  1030
           D:5 |       0 |     686 |   0.0 |       0 |      22 |   0.0 |   721
           D:6 |       0 |     659 |   0.0 |       0 |      16 |   0.0 |  1113
           D:7 |       0 |    1593 |   0.0 |       0 |      27 |   0.0 |  1855
           D:8 |       0 |    5122 |   0.0 |       0 |      23 |   0.0 |  1612
           D:9 |       0 |    2354 |   0.0 |       0 |      17 |   0.0 |   901
          D:10 |       0 |    1434 |   0.0 |       0 |      11 |   0.0 |   867
          D:11 |       0 |    8897 |   0.0 |       0 |      43 |   0.0 |  1519
          D:12 |       0 |   28191 |   0.0 |       0 |     124 |   0.0 |  2706
          D:13 |       0 |   10228 |   0.0 |       0 |      40 |   0.0 |   791
          D:14 |       0 |    8975 |   0.0 |       0 |      43 |   0.0 |  1179
          D:15 |       0 |   12731 |   0.0 |       0 |      33 |   0.0 |  1339
        Lair:1 |       0 |    3514 |   0.0 |       0 |      17 |   0.0 |   719
        Lair:2 |       0 |    2518 |   0.0 |       0 |       8 |   0.0 |   832
        Lair:3 |       0 |    3123 |   0.0 |       0 |      15 |   0.0 |  1228
        Lair:4 |       0 |    4881 |   0.0 |       0 |       9 |   0.0 |   572
        Lair:5 |       0 |    7756 |   0.0 |       0 |      46 |   0.0 |  1152
        Lair:6 |       0 |   24281 |   0.0 |       0 |      70 |   0.0 |  2547
      Spider:1 |       0 |   16003 |   0.0 |       0 |      52 |   0.0 |  1568
      Spider:2 |       0 |   28652 |   0.0 |       0 |      74 |   0.0 |  2212
      Spider:3 |       0 |   10339 |   0.0 |       0 |      30 |   0.0 |   988
      Spider:4 |       0 |   31738 |   0.0 |       0 |      71 |   0.0 |  1912
      Vaults:1 |       0 |   74604 |   0.0 |       0 |     131 |   0.0 |  2611
      Vaults:2 |       0 |   47062 |   0.0 |       0 |      88 |   0.0 |  2584
      Vaults:3 |       0 |   26418 |   0.0 |       0 |      45 |   0.0 |  1491
           Lab |       0 |    1822 |   0.0 |       0 |       4 |   0.0 |   256
         IceCv |       0 |   13627 |   0.0 |       0 |      54 |   0.0 |  1343
               +---------+---------+-------+---------+---------+-------+---------
